 Dungeon Crawl Stone Soup version 0.21.1-1-g345015f (webtiles) character file.

15 shakethe the Insei (level 2, -2/18 HPs)
             Began as an Octopode Transmuter on Feb 7, 2018.
             Slain by a goblin
             ... wielding a +0 club
              (7 damage)
             ... on level 1 of the Dungeon.
             The game lasted 00:02:15 (172 turns).

shakethe the Insei (Octopode Transmuter)             Turns: 172, Time: 00:02:15

Health: -2/18      AC:  1    Str:  9    XL:     2   Next: 50%
Magic:  4/5        EV: 13    Int: 15    God:
Gold:   0          SH:  0    Dex: 12    Spells: 4/5 levels left

rFire    . . .     SeeInvis .     - Unarmed
rCold    . . .     Gourm    .   (no shield)
rNeg     . . .     Faith    .   (helmet restricted)
rPois    .         Spirit   .   (no amulet)
rElec    .         Reflect  .   (no ring)
rCorr    .         Harm     .   (no ring)
MR       .....                  (no ring)
Stlth    ++........             (no ring)
HPRegen  0.06/turn              (no ring)
MPRegen  0.09/turn              (no ring)
                                (no ring)
                                (no ring)

@: appendage (expiring)
A: almost no armour, stealthy swim, amphibious, 8 rings, constrict 8, tentacle
spike 3, camouflage 1, gelatinous body 1
a: End Transformation


You were on level 1 of the Dungeon.
You were not hungry.
One of your tentacles had a temporary spike.
You visited 1 branch of the dungeon, and saw 1 of its levels.

Inventory:

Hand Weapons
 e - a +0 hunting sling
Missiles
 a - 12 arrows
Books
 b - a book of Changes

   Spells                             Type                      Level
   a - Beastly Appendage              Transmutation                1
   b - Sticks to Snakes               Transmutation                2
   c - Spider Form                    Transmutation/Poison         3
   d - Ice Form                       Ice/Transmutation            4
   e - Blade Hands                    Transmutation                5
Comestibles
 c - a ration
 d - 2 chunks of flesh


   Skills:
 - Level 1.0 Fighting
 + Level 2.1 Dodging
 * Level 3.4 Unarmed Combat
 + Level 2.1 Spellcasting
 + Level 2.1 Transmutations


You had 4 spell levels left.
You knew the following spells:

 Your Spells              Type           Power        Failure   Level  Hunger
a - Beastly Appendage     Tmut           #.....       9%          1    #......


Dungeon Overview and Level Annotations

Branches:
Dungeon (1/15)

Altars:


Innate Abilities, Weirdness & Mutations

You cannot wear most types of armour.
You are very stealthy in the water. (Stealth+)
You are amphibious.
You can wear up to eight rings at the same time.
You can use your tentacles to constrict eight enemies at once.
Your skin changes colour to match your surroundings (Stealth+).
Your rubbery body absorbs attacks. (AC +1, EV +1)
One of your tentacles bears a large vicious spike.


Message History

You constrict the jackal. The jackal misses you. The jackal bites you.
The jackal bites you but does no damage.
The kobold hits you but does no damage.
You tentacle-slap the jackal but do no damage.
Your squeeze misses the jackal.
The jackal is almost dead.
You constrict the jackal.
You kill the jackal!
The jackal closely misses you. The kobold hits you but does no damage.
You tentacle-slap the kobold but do no damage.
Your grab misses the kobold.
Your tentacle-slap misses the kobold.
The jackal bites you but does no damage.
The jackal barely misses you. The kobold hits you.
You tentacle-slap the kobold.
You kill the kobold!
The jackal bites you.
* * * LOW HITPOINT WARNING * * *
You closely miss the goblin. Your grab misses the goblin.
The goblin hits you with a club!
You die...

......#.# #..........#
.##.###.###......Kg..####
.##.......#..............
.##.....#.#..........####
.##.#.....#.......h.....#
##..+.....####+#+#'####.#
#..#.....#.. #......#
+.......)#.######..#.#.#
#..#...###....[@g......#
#........#......h##.####
#....#.#....#.........
#.............##.#...##
#........###..##.#...#
#..#.###.# #...#.# ..#
#..... ... ....#.# #.#
......###.......#.# .#
##.>### #########


You could see a jackal and a goblin.

Vanquished Creatures
  A dart slug (D:1)
  3 leopard geckos (D:1)
  2 hobgoblins (D:1)
  A jackal (D:1)
  A kobold (D:1)
  A frilled lizard (D:1)
9 creatures vanquished.

Notes
Turn   | Place    | Note
-------+----------+-------------------------------------------
     0 | D:1      | shakethe the Octopode Transmuter began the quest for the Orb.
     0 | D:1      | Reached XP level 1. HP: 13/13 MP: 3/3
   104 | D:1      | Reached XP level 2. HP: 14/18 MP: 3/5
   172 | D:1      | Slain by a goblin

Action                   || total
-------------------------++-------
Melee: Unarmed           ||    17
       Kick              ||     4
       Constrict         ||     3
       Tentacles         ||     3
 Cast: Beastly Appendage ||     5
Armor: Skin              ||     4
Dodge: Dodged            ||    16
